Map: Ulrena

Players

Tim - Winner!

  • Race: Terran Terran
  • League: Diamond

Manta

  • Race: Zerg Zerg
  • League: Silver

VOD

Have the link to the VOD?

Description

Time

  • Played on: Feb. 19, 2016, 8:10 p.m.
  • Length: 13:01
Show
View Real Time Build Order
Export as new Build Order

Tim Terran - Winner!

Build Orders: Command Center First (CC) 

Get SALT Encoding   

  12  0:05  SCV  
  13  0:17  SCV  
  14  0:23  Supply Depot  
  14  0:29  SCV  
  15  0:47  SCV  
  16  0:59  SCV  
  16  1:03  Command Center  
  18  1:11  SCV  
  18  1:18  Barracks  
  18  1:23  SCV  
  19  1:35  SCV  
  20  1:42  Barracks  
  20  1:47  SCV  
  21  1:55  Supply Depot  
  21  1:59  SCV  
  22  2:05  Marine  
  23  2:14  Orbital Command, SCV  
  24  2:23  Marine  
  26  2:30  Orbital Command  
  25  2:38  Refinery x2, Marine  
  25  2:41  Marine  
  25  2:42  SCV  
  25  2:43  Bunker  
  28  2:54  SCV  
  28  2:56  Marine  
  30  3:01  Marine  
  30  3:06  SCV  
  30  3:14  Marine  
  30  3:19  Marine  
  32  3:32  Marine  
  32  3:37  Marine  
  33  3:50  Marine, SCV x2  
  33  3:53  Refinery x2  
  33  3:55  Marine  
  37  4:02  SCV x2  
  39  4:07  Marine  
  40  4:13  Marine  
  40  4:14  SCV x2  
  43  4:25  Marine  
  43  4:26  SCV x2  
  43  4:31  Marine  
  39  4:34  Supply Depot  
  39  4:35  Supply Depot  
  39  4:36  Supply Depot  
  39  4:38  SCV  
  38  4:43  Marine  
  32  4:48  Marine  
  29  4:56  SCV  
  29  4:57  SCV  
  25  5:01  Marine  
  25  5:06  Marine  
  25  5:19  Marine  
  26  5:23  SCV x2  
  26  5:24  Factory, Marine  
  29  5:35  SCV  
  29  5:37  Marine  
  29  5:38  Supply Depot  
  29  5:41  Supply Depot  
  32  5:50  SCV x2  
  35  6:02  Barracks Tech Lab, SCV x2  
  35  6:04  Barracks Reactor  
  35  6:14  SCV x2  
  37  6:20  Factory Tech Lab  
  37  6:23  Starport  
  37  6:26  Supply Depot, SCV  
  37  6:27  SCV  
  38  6:38  SCV  
  38  6:39  SCV  
  40  6:46  Siege Tank  
  43  6:49  Command Center  
  43  6:51  SCV x2  
  45  7:03  SCV x2  
  45  7:04  Starport Reactor  
  45  7:06  Marine x2  
  45  7:07  Marine  
  50  7:10  Stimpack  
  50  7:15  SCV x2  
  52  7:18  Siege Tank  
  55  7:24  Marine x3  
  55  7:27  SCV x2  
  60  7:39  SCV  
  60  7:40  SCV  
  60  7:42  Medivac, Marine x3  
  60  7:43  Medivac  
  69  7:50  Siege Tank  
  72  7:55  Barracks  
  72  7:57  Barracks  
  72  7:58  Barracks  
  72  7:59  Engineering Bay  
  72  8:00  Marine x3  
  75  8:18  Marine x2  
  76  8:22  Siege Tank  
  74  8:36  Marine x3  
  74  8:39  Planetary Fortress  
  74  8:40  SCV  
  74  8:41  SCV  
  79  8:50  Missile Turret x2  
  79  8:53  SCV x2  
  79  8:54  Marine x2, Siege Tank  
  81  9:05  SCV x2  
  81  9:06  Missile Turret  
  81  9:07  Missile Turret  
  81  9:09  Missile Turret  
  76  9:11  Missile Turret  
  76  9:12  Missile Turret  
  76  9:15  Missile Turret  
  75  9:17  SCV x2  
  75  9:21  Marine x4  
  79  9:29  SCV x2  
  78  9:31  Marine x2  
  78  9:39  Marine x2  
  78  9:41  SCV x3  
  83  9:49  Missile Turret  
  84  9:53  SCV x2  
  84  9:54  SCV  
  84  9:57  Refinery  
  84  9:58  Refinery  
  87  10:05  Barracks Reactor x2  
  87  10:06  Barracks Reactor  
  86  10:12  Terran Infantry Weapons Level 1  
  86  10:17  Medivac x2  
  86  10:20  Armory, Barracks Reactor  
  90  10:24  Combat Shields  
  90  10:25  Missile Turret  
  90  10:36  Marine  
  91  10:47  Medivac x2  
  95  10:50  Marine  
  95  10:51  Marine  
  95  10:52  Marine  
  95  10:53  Marine  
  95  10:54  Marine  
  95  10:56  Marine  
  101  10:57  Marine  
  101  10:58  Missile Turret, Marine  
  101  10:59  Command Center, Marine  
  101  11:02  Liberator, Missile Turret  
  104  11:08  Marine  
  104  11:09  Marine x2  
  104  11:11  Marine  
  108  11:12  Marine  
  108  11:14  Marine  
  108  11:15  Marine x2, Siege Tank  
  108  11:17  Marine  
  118  11:30  Marine  
  119  11:37  SCV x3  
  122  11:44  Supply Depot  
  122  11:45  Marine x3  
  122  11:46  Supply Depot x2  
  125  11:50  Liberator x2  
  125  11:54  Supply Depot  
  125  11:55  Supply Depot  
  125  12:05  Marine x5  
  125  12:06  SCV  
  137  12:14  Marine x2  
  137  12:15  Marine  
  140  12:17  Marine  
  141  12:23  Marine x5, Planetary Fortress  
  141  12:26  Refinery  
  141  12:29  Refinery  
  146  12:33  Missile Turret  
  146  12:34  Missile Turret  
  146  12:38  Marine x4  
Show
View Real Time Build Order
Export as new Build Order

Manta Zerg 

Build Orders: Pool First 

Get SALT Encoding   

  12  0:01  Drone  
  13  0:14  Extractor  
  13  0:24  Spawning Pool  
  13  0:26  Extractor  
  11  0:29  Drone  
  12  0:39  Overlord  
  12  0:44  Drone  
  13  0:54  Evolution Chamber  
  12  1:11  Zergling x6  
  15  1:28  Drone  
  16  1:36  Drone  
  17  2:01  Hatchery  
  17  2:04  Drone  
  17  2:27  Queen  
  17  2:29  Zergling x4  
  21  2:35  Drone  
  22  2:44  Overlord  
  22  2:53  Metabolic Boost  
  22  3:24  Queen  
  22  3:25  Zergling x4  
  22  3:26  Zergling x4  
  28  3:35  Zergling x4  
  30  3:43  Drone  
  31  4:01  Lair, Extractor  
  30  4:03  Drone x3  
  33  4:16  Spine Crawler  
  31  4:31  Overlord x2  
  26  4:47  Overlord x2  
  24  5:02  Pneumatized Carapace  
  21  5:10  Spire  
  21  5:11  Drone x2  
  22  5:30  Overseer  
  22  5:36  Zergling x2  
  22  5:37  Zergling x6  
  26  5:51  Drone x3  
  26  5:53  Drone  
  26  6:37  Zergling x12  
  26  6:38  Zergling x2  
  26  6:39  Drone x3  
  37  6:40  Drone x3  
  39  7:00  Mutalisk x3  
  45  7:02  Overlord  
  45  7:30  Hatchery  
  44  7:53  Drone x2  
  44  7:54  Drone x6  
  44  7:55  Drone  
  53  8:00  Extractor  
  53  8:02  Extractor  
  45  8:28  Mutalisk x4  
  45  8:29  Mutalisk x2  
  45  8:32  Drone  
  45  8:33  Drone x2  
  60  8:37  Overlord  
  60  8:45  Queen  
  60  8:47  Queen  
  64  8:50  Drone  
  64  8:51  Drone  
  61  9:08  Zergling x2  
  61  9:09  Zergling x12  
  57  9:10  Zergling x2  
  35  9:38  Drone x6  
  35  9:39  Mutalisk  
  35  9:40  Mutalisk x2  
  35  9:44  Drone  
  49  9:52  Drone  
  49  10:17  Drone x3  
  49  10:18  Drone x3  
  49  10:19  Drone x2  
  49  10:20  Drone x4  
  61  10:22  Drone x2  
  63  10:46  Drone x4  
  63  10:47  Drone x2  
  63  10:48  Drone x2  
  71  10:50  Extractor  
  71  10:54  Overlord x3, Extractor  
  69  11:01  Overlord  
  69  11:09  Drone x3  
  69  11:10  Drone  
  73  11:12  Mutalisk x3  
  73  11:15  Zergling x2  
  73  11:16  Zergling x2  
  81  11:24  Spore Crawler  
  80  11:30  Drone  
  80  11:31  Drone x2  
  80  11:32  Drone x2  
  85  11:33  Drone x2  
  85  11:34  Drone x2  
  85  11:35  Mutalisk  
  85  11:36  Mutalisk  
  93  11:50  Mutalisk x3  
  93  11:52  Hatchery  
  98  12:02  Mutalisk  
  98  12:03  Mutalisk x3  
  98  12:05  Overlord  
  98  12:07  Overlord  
  106  12:22  Overlord x2  
Tags
 
Add a new tag
Caveats
  • Supply blocks, unpowered buildings, or Contaminate may cause inaccurate times.
  • Supply counts are checked every 10 seconds.